 Dungeon Crawl Stone Soup version 0.20.1-1-g8b1a95d (webtiles) character file.

23 Freud the Magician (level 2, -1/19 HPs)
             Began as a Barachi Wizard on Aug 11, 2017.
             Slain by a hobgoblin
             ... wielding a +0 club
              (3 damage)
             ... on level 2 of the Dungeon.
             The game lasted 00:11:03 (751 turns).

Freud the Magician (Barachi Wizard)                  Turns: 751, Time: 00:11:04

Health: -1/19      AC:  2    Str: 13    XL:     2   Next: 95%
Magic:  1/6        EV: 12    Int: 18    God:
Gold:   24         SH:  0    Dex: 10    Spells: 4/7 levels left

rFire    . . .     SeeInvis .   a - +0 club
rCold    . . .     Gourm    .   (no shield)
rNeg     . . .     Faith    .   j - +0 robe
rPois    .         Spirit   .   h - +0 hat
rElec    .         Reflect  .   (no cloak)
rCorr    .         Harm     .   (no gloves)
MR       .....                  (no boots)
Stlth    ++........             (no amulet)
Regen    0.1/turn               (no ring)
MPRegen  0.1/turn               (no ring)

@: mighty, can't hop, slow
A: +LOS, swims, slowness 1, strong legs 1
a: Hop


You were on level 2 of the Dungeon.
You were not hungry.

You visited 1 branch of the dungeon, and saw 2 of its levels.

You collected 24 gold pieces.

Inventory:

Hand Weapons
 a - a +0 club (weapon)
 b - a +0 hunting sling
Missiles
 k - 13 sling bullets
 l - 30 stones (quivered)
Armour
 h - a +0 hat (worn)
 j - a +0 robe (worn)
Scrolls
 e - 2 scrolls of remove curse {unknown}
 g - 2 scrolls of amnesia {unknown}
 i - a scroll of enchant weapon {unknown}
 m - a scroll of recharging {unknown}
 n - a scroll of magic mapping {unknown}
 o - a scroll of noise {unknown}
Books
 c - a book of Minor Magic

   Spells                             Type                      Level
   a - Magic Dart                     Conjuration                  1
   b - Blink                          Translocation                2
   c - Call Imp                       Summoning                    2
   d - Slow                           Hexes                        2
   e - Conjure Flame                  Conjuration/Fire             3
   f - Mephitic Cloud                 Conjuration/Poison/Air       3
Comestibles
 d - a bread ration


   Skills:
 - Level 2.1 Dodging
 - Level 1.7 Stealth
 - Level 3.2 Spellcasting
 + Level 3.1 Conjurations
   Level 1.2 Summonings
 - Level 1.1 Translocations


You had 4 spell levels left.
You knew the following spells:

 Your Spells              Type           Power        Failure   Level  Hunger
a - Magic Dart            Conj           ##..         4%          1    None
b - Blink                 Tloc           N/A          16%         2    ##.....


Dungeon Overview and Level Annotations

Branches:
Dungeon (1/15)

Altars:


Innate Abilities, Weirdness & Mutations

Shadows flee at your approach. (+LOS)
You can swim through water.
You cover ground slowly.
You can hop short distances.


Message History

The ball python grabs you. The ball python constricts you.
The leopard gecko closely misses you.
You hit the ball python.
You kill the ball python!
The leopard gecko bites you but does no damage.
You hit the hobgoblin.
The hobgoblin is heavily wounded.
The hobgoblin hits you with a club. The leopard gecko bites you.
The leopard gecko bites you but does no damage.
The leopard gecko bites you.
* * * LOW HITPOINT WARNING * * *
The hobgoblin hits you with a club.
* * * LOW HITPOINT WARNING * * *
Things that are here:
a ball python corpse; a hobgoblin corpse It was a potion of might.
You feel very mighty all of a sudden. The goblin hits you but does no damage.
The leopard gecko closely misses you. The kobold misses you.
The hobgoblin hits you with a club.
You die...

..########## #
#......g.lg# ## ## .#
#.###..#@#.# #. .#
#>#
........gK$..........
#.##[$.#.#.#.#.#.#.#
##.......... ..g
#..#.#S#.#.#.#.#.#.#
.................g...
####
#.#.#.#.#.#.#.#.#
...g........
#.#.#.#.#.#.#


You could see a leopard gecko, 2 hobgoblins, a goblin and a kobold.

Vanquished Creatures
  An ooze (D:1)
  A dart slug (D:1)
  A ball python (D:2)
  A giant cockroach (D:1)
  3 goblins (D:1)
  2 hobgoblins
  3 bats (D:1)
  A frilled lizard (D:1)
  3 rats
16 creatures vanquished.

Notes
Turn   | Place    | Note
-------+----------+-------------------------------------------
     0 | D:1      | Freud the Barachi Wizard began the quest for the Orb.
     0 | D:1      | Reached XP level 1. HP: 13/13 MP: 4/4
   370 | D:1      | Reached XP level 2. HP: 19/19 MP: 1/6
   730 | D:1      | Learned a level 2 spell: Blink
   737 | D:1      | You fall through a shaft!
   751 | D:2      | Slain by a hobgoblin

Skill      XL: |  1  2 |
---------------+-------+-----
Conjurations   | 2 3 |  3.1
Dodging        | |  2.1
Stealth        | |  1.7
Spellcasting   | |  3.2
Summonings     | |  1.2
Translocations | |  1.1

Action                   || total
-------------------------++-------
Melee: Unarmed           ||     6
       Club              ||     7
 Cast: Magic Dart        ||    36
 Abil: Hop               ||     1
  Use: Potion            ||     1
Armor: Robe              ||    10
Dodge: Dodged            ||    16
